 Dungeon Crawl Stone Soup version 0.25-a0-578-gc91f01c (webtiles) character file.

Game seed: 14918199164716064651, levelgen mode: deterministic

64 DiscipleGeek the Sneak (level 3, -7/30 HPs)
             Began as a Draconian Assassin on Mar 4, 2020.
             Killed from afar by Sigmund (8 damage)
             ... with a puff of flame
             ... on level 2 of the Dungeon.
             The game lasted 00:04:42 (1347 turns).

DiscipleGeek the Sneak (Draconian Assassin)         Turns: 1347, Time: 00:04:43

Health: -7/30      AC:  7    Str: 13    XL:     3   Next: 91%
Magic:  3/3        EV: 14    Int: 11    God:
Gold:   86         SH:  0    Dex: 13    Spells: 2/2 levels left

rFire    . . .     SeeInvis .   a - +2 dagger
rCold    . . .     Gourm    .   (no shield)
rNeg     . . .     Faith    .   (armour unavailable)
rPois    .         Spirit   .   (helmet restricted)
rElec    .         Reflect  .   b - +1 cloak
rCorr    .         Harm     .   (no gloves)
MR       .....                  (no boots)
Stlth    +.........             (no amulet)
HPRegen  0.10/turn              j - +2 ring of evasion
MPRegen  0.08/turn              (no ring)

@: confused
A: unfitting armour, cold-blooded, AC +5
a: no special abilities


You were on level 2 of the Dungeon.
You were not hungry.

You visited 1 branch of the dungeon, and saw 2 of its levels.

You collected 86 gold pieces.

Inventory:

Hand Weapons
 a - a +2 dagger (weapon)
Missiles
 c - 25 poisoned darts (quivered)
 d - 2 curare-tipped darts
 i - 23 stones
Armour
 b - a +1 cloak (worn)
Jewellery
 j - a +2 ring of evasion (left hand)
Scrolls
 e - 2 scrolls of identify
 h - 3 scrolls of remove curse
Potions
 g - a potion of ambrosia {unknown}
 k - a potion of cancellation {unknown}
 m - 2 potions of stabbing {unknown}
 n - a potion of flight {unknown}
 o - a potion of curing {unknown}
Comestibles
 f - 4 rations


   Skills:
 + Level 2.3 Fighting
 + Level 2.4 Short Blades
 + Level 1.8 Throwing
 + Level 1.2 Dodging
 + Level 4.8 Stealth


You had 2 spell levels left.
You didn't know any spells.
Your spell library was empty.

Dungeon Overview and Level Annotations

Branches:
Dungeon (2/15)

Altars:

Annotations:
D:2 Sigmund


Innate Abilities, Weirdness & Mutations

Your plain brown scales are hard. (AC +5)
You cannot fit into any form of body armour.
You are cold-blooded and may be slowed by cold attacks.


Message History

Sigmund hits you from afar with a +0 scythe.
You closely miss Sigmund. Sigmund hits you with a +0 scythe!
You barely miss Sigmund. You hit Sigmund.
Sigmund is lightly wounded.
Sigmund casts a spell at you.
You are confused.
You hit Sigmund.
Sigmund is lightly wounded.
Sigmund barely misses you.
Sigmund points at you and mumbles some strange words.
The puff of flame hits you!
* * * LOW HITPOINT WARNING * * *
You bump into the rock wall.
Sigmund casts a spell at you. The puff of flame hits you.
* * * LOW HITPOINT WARNING * * *
Sigmund points at you and mumbles some strange words.
The puff of flame hits you!
You die...

#................###.##...# ##
#........................##.. #.
#.......#.#........#.##...#.## .
#.........#........#........##.#
#........##........#.........#.#
####......##.....................
#....####.##................^....
.................................
....#####......@@.?....<.........
.....................##..........
......###.......####....##.......
...................#..####......#
.)............≈..................
.....###......≈⌠≈.......##......#
.....# ##.....≈≈........##......#
.<..## #.......................#
...## #......#........##.......


You could see Sigmund.

Vanquished Creatures
  2 adders (D:2)
  A worm (D:2)
  4 dart slugs (D:1)
  A ball python (D:2)
  A giant cockroach (D:2)
  6 goblins
  3 hobgoblins
  2 jackals (D:2)
  4 kobolds
  A quokka (D:2)
  4 bats
  2 frilled lizards (D:1)
  5 rats
36 creatures vanquished.

Notes
Turn   | Place    | Note
-------+----------+-------------------------------------------
     0 | D:1      | DiscipleGeek the Draconian Assassin began the quest for the
                  | Orb.
     0 | D:1      | Reached XP level 1. HP: 17/17 MP: 1/1
    54 | D:1      | Reached skill level 4 in Stealth
   233 | D:1      | Reached XP level 2. HP: 24/24 MP: 2/2
   480 | D:1      | Reached skill level 1 in Dodging
   833 | D:2      | Reached XP level 3. HP: 29/29 MP: 3/3
  1041 | D:2      | Noticed Sigmund
  1346 | D:2      | HP: 1/30 [Sigmund/puff of flame (4)]
  1347 | D:2      | Killed from afar by Sigmund

Levels and vault maps discovered:
D:1:      minmay_arrival_jagged, layout_basic
D:2:      layout_rooms, first_ration, corexii_leaking_fountain, uniq_sigmund

Skill      XL: |  1  2 |
---------------+-------+-----
Stealth        | 4 |  4.8
Dodging        | 1 |  1.2
Fighting       | |  2.3
Short Blades   | |  2.4
Throwing       | |  1.8

Action                   || total
-------------------------++-------
Melee: Dagger            ||   114
       Tailslap          ||    16
  Use: Scroll            ||     5
 Stab: Sleeping          ||     6
  Eat: Chunk             ||     1
Armor: Skin              ||    29
Dodge: Dodged            ||    76

Table legend:
 A = Non-vault XP
 B = Vault XP
 C = Vault XP percentage of total XP
 D = Non-vault monster count
 E = Vault monster count
 F = Vault count percentage of total count
                 A         B        C        D         E       F
            +---------+---------+-------+---------+---------+-------
      Total |      92 |       0 |   0.0 |      36 |       0 |   0.0
            +---------+---------+-------+---------+---------+-------
        D:1 |      38 |       0 |   0.0 |      19 |       0 |   0.0
        D:2 |      54 |       0 |   0.0 |      17 |       0 |   0.0
            +---------+---------+-------+---------+---------+-------
